 Dungeon Crawl Stone Soup version 0.28-a0-938-gbc3f381ebc (webtiles) character file.

Game seed: 2193533774949319669

25 enile the Skirmisher (level 2, 0/24 HPs)
             Began as a Demonspawn Abyssal Knight on Nov 28, 2021.
             Was a Follower of Lugonu.
             Succumbed to an adder's poison
             ... on level 1 of the Dungeon.
             The game lasted 00:02:36 (1053 turns).

enile the Skirmisher (Demonspawn Abyssal Knight)    Turns: 1053, Time: 00:02:36

Health: 0/24       AC:  3    Str: 13    XL:     2   Next: 82%
Magic:  4/4        EV: 11    Int: 11    God:    Lugonu [*.....]
Gold:   55         SH:  0    Dex: 13    Spells: 3/3 levels left

rFire   . . .      SeeInvis .   a - +1 spear
rCold   . . .      Faith    .   (no shield)
rNeg    . . .      Spirit   .   b - +0 leather armour
rPois   .          Reflect  .   (no helmet)
rElec   .          Harm     .   (no cloak)
rCorr   .          Rampage  .   (no gloves)
Will    .....                   (no boots)
Stlth   ..........              (no amulet)
HPRegen 0.08/turn               (no ring)
MPRegen 0.09/turn               (no ring)

@: lethally poisoned (0 -> -4), silenced
A: demonic magic 1
a: Renounce Religion


You were on level 1 of the Dungeon.
You worshipped Lugonu.
Lugonu was aware of your devotion.
You visited 1 branch of the dungeon, and saw 2 of its levels.
You visited the Abyss 1 time.

You collected 55 gold pieces.

Inventory:

Hand Weapons
 a - a +1 spear (weapon)
Armour
 b - a +0 leather armour (worn)


   Skills:
 - Level 3.0 Fighting
 - Level 2.0 Polearms
 - Level 2.0 Armour
 + Level 1.1 Dodging
 - Level 1.0 Stealth
 - Level 1.0 Spellcasting
 - Level 3.0 Invocations


You had 3 spell levels left.
You didn't know any spells.
Your spell library was empty.

Dungeon Overview and Level Annotations

Branches:
Dungeon (2/15)

Altars:


Innate Abilities, Weirdness & Mutations

Spells you cast may paralyse adjacent enemies.


Message History

You barely miss the adder.
The adder is heavily wounded.
The adder barely misses you. The adder bites you.
You are poisoned.
The adder poisons you!
You feel sick.
You feel sick.
You feel sick. The adder misses you.
You feel sick.
You feel sick.
You are no longer poisoned.
The adder bites you but does no damage.
There is a stone staircase leading up here.
The adder misses you. The adder closely misses you.
You climb upwards.
There is a stone staircase leading down here.
You closely miss the adder. The adder barely misses you.
You barely miss the adder. The adder bites you. The adder bites you.
* * * LOW HITPOINT WARNING * * *
You are lethally poisoned!
The adder poisons you!
Okay, then.
As you read the scroll labelled IGUMAR AHASCHAE, it crumbles to dust.
A profound silence engulfs you.
It was a scroll of silence.
* * * LOW HITPOINT WARNING * * *
You feel sick. The adder misses you.
You closely miss the adder.
* * * LOW HITPOINT WARNING * * *
You feel sick. The adder barely misses you.
You closely miss the adder.
* * * LOW HITPOINT WARNING * * *
You feel sick. The adder bites you.
* * * LOW HITPOINT WARNING * * *
Unknown command.
Okay, then.
You hit the adder.
The adder is lightly wounded.
You die...

######### #.....#
#.......###.....#
#.........).....#
#...............########
#...............#......##
#...............'......'.
#........########......##
##...###.# #......#
#######...###@########......##
#............S..)............#
##.#######......############.#
#........'......# #.#
##.#######..>...# #.# #.#
#..'......# #.# #.#
#.##......# #.# #.#
#.##...#### #.# #.# #.######
#.#


You could see an adder.

Vanquished Creatures
  A dart slug (D:1)
  2 bats (D:1)
  4 endoplasms (D:1)
  2 giant cockroaches (D:1)
  A goblin (D:1)
  A hobgoblin (D:1)
  A jackal (D:2)
  A kobold (D:1)
  A quokka (D:1)
  2 ball pythons
  3 rats (D:1)
19 creatures vanquished.

Notes
Turn   | Place    | Note
-------+----------+-------------------------------------------
     0 | Abyss:1  | enile the Demonspawn Abyssal Knight began the quest for the
                  | Orb.
     0 | Abyss:1  | Reached XP level 1. HP: 18/18 MP: 2/2
    37 | D:1      | Escaped the Abyss
    65 | D:1      | Reached skill level 1 in Dodging
   307 | D:1      | Reached * piety under Lugonu
   310 | D:1      | Gained mutation: Spells you cast may paralyse adjacent
                  | enemies. [demonic ancestry]
   310 | D:1      | Reached XP level 2. HP: 20/24 MP: 2/4
   411 | D:1      | Reached skill level 1 in Stealth
   972 | D:2      | Reached skill level 1 in Spellcasting
  1004 | D:2      | Found a faded altar of an unknown god.
  1052 | D:1      | HP: 1/24 [adder (2)]
  1053 | D:1      | Succumbed to an adder's poison

Illustrated notes

Levels and vault maps discovered:
D:1:      dpeg_arrival_chambers_temple_mockup, layout_basic
D:2:      layout_loops_ring, hellmonk_ecumenical_altar_blasted,
          kennysheep_generic_room_14

Skill      XL: |  1  2 |
---------------+-------+-----
Dodging        | 1 |  1.1
Polearms       | 2 |  2.0
Invocations    | 3 |  3.0
Armour         | 2 |  2.0
Stealth        | 1 |  1.0
Spellcasting   | 1 |  1.0
Fighting       | |  3.0

Action                   || total
-------------------------++-------
Melee: Spear             ||    70
Invok: Depart the Abyss  ||     1
  Use: Potion            ||     2
       Scroll            ||     1
 Stab: Sleeping          ||     3
Armor: Leather armour    ||    16
Dodge: Dodged            ||    36

Table legend: (Time is in decaauts)
 A = Elapsed time spent in this place.
 B = Non-inter-level travel time spent in this place.
 C = Inter-level travel time spent in this place.
 D = Time resting spent in this place.
 E = Time spent auto-exploring this place.
 F = Levels seen in this place.
 G = Mean time per level.
                   A        B        C        D        E       F      G
               +--------+--------+--------+--------+--------+-----+--------+
         Total |   1053 |   1046 |      7 |      0 |    893 |   3 |  351.0 |
       Dungeon |   1016 |   1009 |      7 |      0 |    858 |   2 |  508.0 |
         Abyss |     37 |     37 |      0 |      0 |     35 |   1 |   37.0 |
               +--------+--------+--------+--------+--------+-----+--------+

Top non-repeatable levels by time:
     D:1: 937 daAuts
     D:2: 78 daAuts
 Abyss:1: 37 daAuts
